 Dungeon Crawl Stone Soup version 0.23.2-1-ga50397a (webtiles) character file.

Game seed: 11995032929475176089

280 XPEneeg3 the Skirmisher (level 6, -2/56 HPs)
             Began as a Hill Orc Fighter on May 18, 2019.
             Slain by a gnoll
             ... wielding a +0 club
              (8 damage)
             ... on level 4 of the Dungeon.
             The game lasted 00:09:52 (2381 turns).

XPEneeg3 the Skirmisher (Hill Orc Fighter)          Turns: 2381, Time: 00:09:52

Health: -2/56      AC:  8    Str: 21    XL:     6   Next: 27%
Magic:  6/6        EV:  7    Int:  8    God:
Gold:   187        SH:  9    Dex: 10    Spells: 5/5 levels left

rFire    . . .     SeeInvis .   a - +0 war axe
rCold    . . .     Gourm    .   c - +0 shield
rNeg     . . .     Faith    .   b - +0 scale mail
rPois    .         Spirit   .   (no helmet)
rElec    .         Reflect  .   q - +0 cloak
rCorr    .         Harm     .   (no gloves)
MR       .....                  (no boots)
Stlth    ..........             e - amulet of the acrobat
HPRegen  0.18/turn              (no ring)
MPRegen  0.10/turn              (no ring)

@: no status effects
A: no striking features
a: no special abilities


You were on level 4 of the Dungeon.
You were not hungry.

You visited 1 branch of the dungeon, and saw 4 of its levels.

You collected 187 gold pieces.

Inventory:

Hand Weapons
 a - a +0 war axe (weapon)
Missiles
 h - 8 tomahawks (quivered)
Armour
 b - a +0 scale mail (worn)
 c - a +0 shield (worn)
 q - a +0 cloak (worn)
Jewellery
 e - an amulet of the acrobat (around neck)
Wands
 n - a wand of disintegration (13)
 r - a wand of flame (21)
Scrolls
 g - a scroll of identify
 i - 3 scrolls of remove curse
 k - 2 scrolls of immolation
 m - a scroll of enchant weapon
 p - a scroll of teleportation
Potions
 d - a potion of might
 j - a potion of lignification
 l - a potion of resistance
 s - a potion of heal wounds {unknown}
 t - 2 potions of magic
 u - a potion of haste
Comestibles
 f - 10 rations


   Skills:
 + Level 5.1 Fighting
 + Level 4.7 Axes
 + Level 4.6 Armour
 + Level 4.7 Shields


You had 5 spell levels left.
You didn't know any spells.
Your spell library was empty.

Dungeon Overview and Level Annotations

Branches:
Dungeon (4/15)
 Temple: D:4-7

Altars:
Okawaru
Trog
Uskayaw
Vehumet
The Shining One


Message History

You slash the ogre!
You kill the ogre!
Your Fighting skill increases to level 5!
You have reached level 6!
Your experience leads to an increase in your attributes!
Increase (S)trength, (I)ntelligence, or (D)exterity?
You feel stronger.
MP restored: 6
There is a stone staircase leading down here.
The gnoll hits you with a +0 club.
* * * LOW HITPOINT WARNING * * *
You block the gnoll shaman's attack.
You climb downwards.
There is a stone staircase leading up here.
You take 4 damage, and have 5/56 hp.
You hit the gnoll.
The gnoll is lightly wounded.
You hit the gnoll shaman but do no damage.
The gnoll hits you with a +0 club!
You die...

#. . ## #. .
#.⌠ ##.#
#.##.##..###
##..#......
........g######
#g@.......
##########


You could see a gnoll shaman and a gnoll.

Vanquished Creatures
  An ogre (D:3)
  A jelly (D:2)
  A gnoll shaman (D:3)
  4 adders
  A gnoll (D:3)
  3 worms
  2 dart slugs (D:1)
  A leopard gecko (D:2)
  4 orcs (D:3)
  A ball python (D:1)
  3 giant cockroaches
  8 goblins
  9 hobgoblins
  13 jackals (D:3)
  10 kobolds
  5 bats
  2 frilled lizards (D:1)
  10 rats
79 creatures vanquished.

Notes
Turn   | Place    | Note
-------+----------+-------------------------------------------
     0 | D:1      | XPEneeg3 the Hill Orc Fighter began the quest for the Orb.
     0 | D:1      | Reached XP level 1. HP: 19/19 MP: 1/1
    65 | D:1      | Reached XP level 2. HP: 23/27 MP: 2/2
   209 | D:1      | Reached skill level 4 in Fighting
   209 | D:1      | Reached XP level 3. HP: 32/33 MP: 3/3
   515 | D:2      | Found a glowing golden altar of the Shining One.
   522 | D:2      | Reached XP level 4. HP: 17/40 MP: 4/4
  1024 | D:2      | Found a bloodstained altar of Trog.
  1029 | D:2      | Found an iron altar of Okawaru.
  1596 | D:2      | Found a hide-covered altar of Uskayaw.
  1597 | D:2      | Found a radiant altar of Vehumet.
  1791 | D:3      | Reached XP level 5. HP: 47/47 MP: 5/5
  2300 | D:3      | Noticed an ogre
  2373 | D:3      | Killed an ogre
  2373 | D:3      | Reached skill level 5 in Fighting
  2373 | D:3      | Reached XP level 6. HP: 8/56 MP: 6/6
  2381 | D:4      | Slain by a gnoll

Skill      XL: |  1  2  3  4  5 |
---------------+----------------+-----
Axes           | 3 4 |  4.7
Fighting       | 4 5 |  5.1
Shields        | 4 |  4.7
Armour         | 4 |  4.6

Action                   |  1- 3 |  4- 6 || total
-------------------------+-------+-------++-------
Melee: War axe           |    84 |   173 ||   257
  Use: Scroll            |     2 |     6 ||     8
  Eat: Chunk             |       |     5 ||     5
Armor: Scale mail        |    39 |    73 ||   112
Dodge: Dodged            |    33 |    78 ||   111
Block: Shield            |    42 |   102 ||   144
